Map: Habitation Station LE (Void)

Players

LiquidSnute (Snute) - Winner!

  • Race: Zerg Zerg
  • League: Grandmaster
  • Spawn Location: 1:00

Bly

  • Race: Zerg Zerg
  • League: Grandmaster
  • Spawn Location: 11:00

Event: NationWars IV

VOD

Have the link to the VOD?

Description

Time

  • Played on: Dec. 22, 2016, 4:49 p.m.
  • Length: 11:50

All games in this series

Show
View Real Time Build Order
Export as new Build Order

LiquidSnute Zerg - Winner!

Build Orders: Hatch First, Zergling Baneling 

Get SALT Encoding   

  12  0:00  Drone  
  13  0:12  Overlord  
  13  0:17  Drone  
  14  0:30  Drone x2  
  14  0:33  Drone  
  17  0:50  Hatchery  
  17  0:54  Drone  
  17  0:56  Extractor  
  16  1:10  Spawning Pool  
  15  1:13  Drone  
  15  1:16  Drone  
  17  1:20  Drone  
  18  1:27  Drone  
  19  1:37  Overlord  
  19  1:57  Baneling Nest, Queen  
  19  1:58  Zergling x2  
  19  1:59  Zergling x2  
  22  2:05  Queen  
  24  2:08  Drone  
  24  2:12  Drone  
  26  2:16  Drone  
  26  2:22  Metabolic Boost  
  27  2:26  Drone  
  28  2:32  Drone x2  
  30  2:38  Drone  
  30  2:42  Drone  
  32  2:46  Overlord  
  32  2:53  Drone  
  33  3:00  Zergling x2  
  35  3:05  Zergling x2  
  35  3:08  Zergling x8  
  39  3:13  Zergling x4  
  39  3:15  Zergling x2  
  39  3:17  Overlord  
  42  3:20  Zergling x2  
  43  3:28  Zergling x2  
  43  3:30  Overlord  
  44  3:35  Baneling  
  44  3:36  Baneling x3  
  44  3:41  Zergling x2  
  44  3:42  Zergling x8  
  44  3:47  Zergling x2  
  44  3:48  Zergling x4  
  52  3:50  Baneling x2  
  52  3:54  Zergling x4  
  54  4:02  Baneling  
  52  4:03  Baneling  
  52  4:07  Zergling x4  
  50  4:13  Zergling x6  
  49  4:20  Zergling x10  
  49  4:29  Zergling x2  
  47  4:33  Drone  
  46  4:42  Drone x2  
  47  4:50  Drone, Hatchery  
  47  4:51  Roach Warren  
  46  4:54  Queen  
  46  4:55  Drone  
  49  5:01  Drone, Evolution Chamber  
  49  5:03  Drone  
  50  5:09  Drone x4  
  50  5:10  Drone x2  
  50  5:13  Drone  
  57  5:15  Drone  
  57  5:21  Lair  
  58  5:24  Drone  
  58  5:26  Unknown  
  58  5:28  Zerg Missile Weapons Level 1  
  59  5:30  Extractor  
  59  5:31  Extractor, Overlord  
  59  5:35  Overlord  
  57  5:38  Overlord  
  57  5:39  Drone  
  58  5:45  Overlord  
  58  5:54  Roach  
  58  5:55  Roach x3  
  66  5:59  Roach  
  68  6:05  Roach x2  
  68  6:09  Roach x2  
  76  6:12  Overlord  
  76  6:14  Roach  
  76  6:18  Roach  
  80  6:24  Overlord  
  80  6:30  Glial Reconstitution  
  80  6:31  Drone  
  81  6:34  Roach x2  
  81  6:35  Unknown  
  85  6:40  Roach x2  
  92  6:47  Roach x2  
  92  6:48  Zergling x8  
  92  6:53  Roach  
  92  6:54  Roach  
  98  7:07  Zergling x18  
  97  7:11  Roach  
  94  7:16  Zergling x6  
  94  7:19  Ravager  
  94  7:20  Ravager  
  94  7:22  Roach x2  
  100  7:25  Roach  
  100  7:28  Roach  
  98  7:30  Roach  
  98  7:34  Roach  
  98  7:35  Zergling x4  
  102  7:40  Zergling x6  
  101  7:49  Roach x3  
  107  7:51  Ravager  
  107  7:55  Roach  
  100  8:06  Roach x4  
  100  8:12  Roach x2  
  106  8:16  Drone  
  107  8:21  Roach x2  
  107  8:35  Roach x4  
  108  8:47  Roach  
  108  8:48  Roach x4  
  104  8:49  Roach  
  104  8:50  Zergling x2  
  104  8:51  Zergling x8  
  106  8:55  Drone  
  106  8:56  Drone  
  106  8:57  Drone  
  106  9:02  Ravager  
  109  9:04  Roach  
  109  9:06  Drone x2  
  113  9:13  Extractor, Roach  
  113  9:15  Overlord  
  114  9:22  Zerg Missile Weapons Level 2  
  114  9:26  Overlord  
  114  9:31  Overlord  
  114  9:34  Roach x2  
  114  9:35  Roach  
  120  9:40  Roach  
  118  9:47  Roach x4  
  126  9:55  Roach x4  
  126  9:57  Roach  
  126  9:58  Overlord  
  126  9:59  Extractor  
  135  10:01  Zergling x4  
  132  10:15  Roach x5  
  132  10:18  Ravager  
  132  10:19  Roach  
  141  10:21  Roach  
  141  10:25  Drone x3  
  141  10:28  Roach  
  135  10:46  Roach  
  135  10:47  Roach x6  
  137  10:54  Ravager x3  
  137  10:56  Zergling x10  
  145  11:03  Ravager  
  146  11:08  Overlord x2  
  146  11:23  Roach  
  146  11:24  Roach x3, Overlord  
Show
View Real Time Build Order
Export as new Build Order

Bly Zerg 

Build Orders: Pool First 

Get SALT Encoding   

  12  0:01  Drone  
  13  0:12  Overlord  
  13  0:17  Drone  
  14  0:30  Drone  
  14  0:31  Drone  
  14  0:34  Drone  
  17  0:44  Spawning Pool  
  17  0:46  Drone  
  17  0:56  Drone  
  18  1:11  Hatchery  
  17  1:16  Drone  
  17  1:17  Extractor  
  17  1:18  Drone  
  18  1:31  Zergling x2  
  18  1:32  Queen  
  21  1:40  Overlord  
  21  1:49  Drone  
  22  2:01  Drone  
  23  2:10  Queen  
  23  2:12  Drone  
  26  2:21  Drone  
  27  2:23  Queen  
  27  2:25  Drone  
  30  2:39  Drone x3  
  30  2:42  Overlord  
  30  2:43  Drone  
  34  2:52  Overlord  
  34  2:57  Lair  
  33  3:02  Roach Warren  
  32  3:08  Evolution Chamber  
  32  3:09  Drone x3  
  34  3:15  Drone x2  
  34  3:17  Extractor  
  34  3:19  Drone  
  36  3:26  Overlord  
  36  3:32  Drone  
  37  3:37  Overlord  
  37  3:41  Roach x2  
  37  3:43  Evolution Chamber  
  37  3:45  Evolution Chamber  
  39  3:48  Evolution Chamber  
  39  3:50  Roach  
  40  3:56  Roach  
  40  4:00  Evolution Chamber  
  41  4:04  Roach x2  
  41  4:09  Roach  
  49  4:17  Roach x3  
  49  4:23  Ravager  
  48  4:25  Roach x2  
  48  4:29  Roach  
  45  4:40  Glial Reconstitution  
  45  4:47  Drone x2  
  45  4:48  Evolution Chamber  
  46  4:55  Drone x2  
  46  4:59  Zerg Missile Weapons Level 1  
  48  5:05  Drone x2  
  50  5:08  Overseer  
  50  5:13  Drone  
  51  5:16  Drone x2  
  53  5:28  Queen  
  55  5:36  Drone x2  
  55  5:37  Queen  
  55  5:39  Overlord  
  55  5:41  Drone  
  60  5:46  Roach  
  60  5:47  Roach  
  64  5:51  Roach  
  64  5:54  Roach  
  68  6:02  Overlord  
  68  6:05  Roach  
  70  6:14  Drone  
  70  6:18  Extractor  
  70  6:19  Overlord  
  70  6:23  Roach  
  72  6:27  Overlord  
  72  6:31  Hatchery  
  71  6:38  Roach x2  
  75  6:41  Drone  
  75  6:42  Drone x2  
  78  6:48  Roach x4  
  86  6:55  Zerg Missile Weapons Level 2  
  80  7:14  Roach x3  
  80  7:15  Roach x4  
  85  7:28  Roach  
  85  7:29  Roach x4  
  89  7:34  Roach  
  83  7:44  Roach x3  
  85  7:52  Roach x2  
  85  7:53  Roach x3  
  85  7:54  Ravager  
  86  8:11  Roach  
  86  8:12  Roach x5  
  90  8:24  Roach x3  
  96  8:29  Overlord x2  
  86  8:45  Roach x3  
  86  8:46  Roach x3  
  85  8:55  Roach  
  75  8:57  Ravager  
  75  8:58  Ravager  
  75  9:01  Roach  
  79  9:06  Roach  
  79  9:07  Roach  
  79  9:09  Overlord  
  83  9:15  Roach x2, Overlord  
  87  9:31  Roach  
  87  9:32  Roach x3  
  87  9:34  Overlord  
  87  9:36  Overlord  
  93  9:48  Roach  
  93  9:49  Roach x2  
  99  9:57  Roach x3  
  105  10:05  Hatchery  
  97  10:17  Roach  
  97  10:18  Roach x3  
  101  10:26  Ravager  
  101  10:27  Ravager  
  103  10:30  Ravager  
  103  10:31  Roach  
  103  10:33  Overlord  
  91  10:44  Roach  
  91  10:45  Roach x5  
  72  10:50  Roach  
  72  10:51  Roach  
  72  10:53  Roach  
  78  10:58  Roach  
  80  11:06  Roach x2  
  80  11:08  Ravager  
  82  11:23  Roach x4  
Tags
 
Add a new tag
Caveats
  • Supply blocks, unpowered buildings, or Contaminate may cause inaccurate times.
  • Supply counts are checked every 10 seconds.